 Dungeon Crawl Stone Soup version 0.29-a0-1065-g47a6bb87d6 (webtiles) character file.

Game seed: 17260921037943845577

69064 drugrobin the Spear-Bearer (level 14, -5/129 HPs)
             Began as a Demigod Delver on Aug 18, 2022.
             Slain by a two-headed ogre
             ... wielding a +0 giant spiked club
              (17 damage)
             ... on level 2 of the Orcish Mines on Aug 19, 2022.
             The game lasted 01:12:05 (20676 turns).

drugrobin the Spear-Bearer (Demigod Delver)        Turns: 20676, Time: 01:12:06

Health: -5/129     AC: 12    Str: 27    XL:     14   Next: 48%
Magic:  2/25       EV: 16    Int: 26    God:
Gold:   2594       SH:  5    Dex: 15    Spells: 3/23 levels left

rFire   . . .      SeeInvis +   a - +8 trishula "Condemnation" {holy, anguish, *Noise Fly rN+}
rCold   . . .      Faith    .   (no shield)
rNeg    + . .      Spirit   .   K - +0 troll leather armour
rPois   .          Reflect  +   L - +2 helmet {SInv}
rElec   .          Harm     .   W - +2 cloak {rCorr}
rCorr   +          Rampage  .   G - +0 pair of gloves
Will    +....                   k - +0 pair of boots
Stlth   +++.......              U - amulet of reflection
HPRegen 1.11/turn               A - +6 ring of strength
MPRegen 0.19/turn               Q - +6 ring of intelligence

@: flying, very slightly contaminated
A: high MP 1, forlorn, divine attributes
a: no special abilities


You were on level 2 of the Orcish Mines.
You visited 4 branches of the dungeon, and saw 19 of its levels.
You also visited: Ice Cave.

You collected 2901 gold pieces.
You spent 307 gold pieces at shops.

Inventory:

Hand Weapons
 a - the +8 trishula "Condemnation" (weapon) {holy, anguish, *Noise Fly rN+}
   (You took it off a goblin on level 2 of the Dungeon)

   It has been blessed by the Shining One to cause great damage to the undead
   and demons.
   It inflicts anguish, making its victims' attacks reflect back on them.
   rN:        It protects you from negative energy.
   Fly:       It grants you flight.
   *Noise:    It may make noises in combat.
 b - a +1 sling of flaming
 r - the +7 dagger of the Carved God {antimagic, rC- Int+4 Dex+4}
   (You found it in an ice cave)

   It reduces the magical energy of the wielder, and disrupts the spells and
   magical abilities of those it strikes.
   Natural abilities and divine invocations are not affected.
   Int:       It affects your intelligence (+4).
   Dex:       It affects your dexterity (+4).
   rC:        It makes you vulnerable to cold.
Missiles
 n - 30 poisoned darts
 u - a throwing net
 P - a curare-tipped dart
 Y - 13 boomerangs (quivered)
Armour
 k - a +0 pair of boots (worn)
 G - a +0 pair of gloves (worn)
 K - a +0 troll leather armour (worn)
 L - a +2 helmet of see invisible (worn)
 W - a +2 cloak of preservation (worn)
Magical Staves
 X - a staff of cold
Jewellery
 m - a ring of protection from fire
 z - a ring of protection from fire
 A - a +6 ring of strength (left hand)
 N - a ring of poison resistance
 Q - a +6 ring of intelligence (right hand)
 S - a ring of protection from cold
 U - an amulet of reflection (around neck)
 Z - a ring of willpower
Wands
 f - a wand of light (3)
 g - a wand of digging (20)
 v - a wand of mindburst (2)
 y - a wand of charming (11)
 C - a wand of polymorph (11)
 I - a wand of flame (21)
 R - a wand of iceblast (17)
Scrolls
 c - 5 scrolls of fog
 d - 6 scrolls of magic mapping
 e - 4 scrolls of fear
 j - 3 scrolls of blinking
 s - 9 scrolls of teleportation
 t - 2 scrolls of poison
 w - 5 scrolls of immolation
 x - 4 scrolls of vulnerability
 M - a scroll of silence
Potions
 i - 6 potions of curing
 l - a potion of attraction {unknown}
 p - 2 potions of heal wounds
 q - 3 potions of ambrosia
 B - 2 potions of berserk rage
 D - a potion of might {unknown}
 E - a potion of lignification
 H - a potion of haste
 O - 2 potions of invisibility {unknown}
 T - 2 potions of cancellation
Miscellaneous
 h - a piece from Xom's chessboard (15/15)
 J - a phantom mirror


   Skills:
 - Level 13.0 Fighting
 - Level 3.8(9.7) Axes
 - Level 13.7(14.0) Polearms
 + Level 9.3 Dodging
 - Level 4.5 Stealth
 + Level 5.0 Spellcasting
 + Level 9.0 Summonings
 - Level 8.0 Evocations


You had 3 spell levels left.
You knew the following spells:

 Your Spells              Type           Power      Damage    Failure   Level
a - Summon Small Mammal   Summ           100%       N/A       1%          1
b - Blink                 Tloc           12%        N/A       13%         2
c - Call Canine Familiar  Summ           52%        N/A       1%          3
d - Wereblood             Tmut           6%         N/A       13%         2
e - Summon Guardian Gole  Hex/Summ       29%        N/A       4%          3
f - Summon Ice Beast      Ice/Summ       29%        N/A       13%         4
g - Summon Mana Viper     Hex/Summ       29%        N/A       36%         5

Your spell library contained the following spells:

 Spells                   Type           Power      Damage    Failure   Level
 Beastly Appendage        Tmut           12%        N/A       9%          1
 Foxfire                  Conj/Fire      24%        2x1d5     9%          1
 Sandblast                Erth           12%        2d6       9%          1
 Shock                    Conj/Air       24%        1d4       9%          1
 Ensorcelled Hibernation  Hex/Ice        12%        N/A       13%         2
 Passwall                 Tmut/Erth      5%         N/A       13%         2
 Scorch                   Fire           12%        2d6       13%         2
 Conjure Flame            Conj/Fire      6%         6-21      26%         3
 Frozen Ramparts          Ice            12%        1d2       26%         3
 Inner Flame              Hex/Fire       6%         N/A       26%         3
 Lesser Beckoning         Tloc           6%         N/A       26%         3
 Portal Projectile        Hex/Tloc       12%        N/A       26%         3
 Spider Form              Tmut/Pois      6%         N/A       26%         3
 Stone Arrow              Conj/Erth      12%        3d7       26%         3
 Swiftness                Air            6%         N/A       26%         3
 Tukima's Dance           Hex            6%         N/A       26%         3
 Summon Cactus Giant      Summ           26%        N/A       32%         6
 Summon Forest            Summ/Tloc      14%        N/A       36%         5
 Airstrike                Air            3%         2d(1-17)  63%         4
 Anguish                  Hex/Necr       3%         N/A       63%         4
 Animate Dead             Necr           6%         N/A       63%         4
 Flame Wave               Conj/Fire      6%         2d5       63%         4
 Monstrous Menagerie      Summ           26%        N/A       87%         7
 Summon Hydra             Summ           26%        N/A       87%         7
 Blade Hands              Tmut           3%         N/A       93%         5
 Freezing Cloud           Conj/Ice/Air   3%         6-21      93%         5
 Manifold Assault         Tloc           6%         N/A       93%         5
 Eringya's Noxious Bog    Tmut/Pois      3%         N/A       100%        6
 Simulacrum               Ice/Necr       3%         N/A       100%        6
 Enfeeble                 Hex            3%         N/A       100%        7
 Haunt                    Necr/Summ      14%        N/A       100%        7
 Infestation              Necr           3%         N/A       100%        8
 Polar Vortex             Ice            3%         N/A       100%        9


Dungeon Overview and Level Annotations

Branches:
Dungeon (11/15)            Temple (0/1) D:5            Lair (5/5) D:10
 Shoals (1/4) Lair:2        Snake (0/4) Lair:3        Slime (0/5) Lair:5
    Orc (2/2) D:9             Elf (0/3) Orc:2         IceCv (visited)

Shops:
D:2 ?   D:10 :   Orc:1 :   Orc:2 =

Portals:
Hell: Lair:5


Innate Abilities, Weirdness & Mutations

You have an increased reservoir of magic. (+10% MP)
You shall have no god before yourself.
Your divine heritage dramatically boosts your attributes as you level up.


Message History

Unknown command.
Unknown command.
Unknown command.
Unknown command.
You feel much better. The ogre mage closely misses you.
The deep troll barely misses you. You block the deep troll's attack.
The deep troll claws you but does no damage.
The troll misses you. You block the troll's attack. The troll misses you.
Unknown command.
Unknown command.
Unknown command.
Unknown command.
Unknown command.
Unknown command.
Unknown command.
You puncture the deep troll!
The trishula "Condemnation" lets out a holy chiming.
The deep troll is almost dead.
Your surroundings suddenly seem different. 2 two-headed ogres and a troll come into view.
The two-headed ogre closely misses you. The two-headed ogre misses you.
Unknown command.
Unknown command.
Unknown command.
Unknown command.
Unknown command.
Unknown command.
Unknown command.
Unknown command.
The two-headed ogre attacks as you move away!
The two-headed ogre barely misses you.
The two-headed ogre hits you with a +0 giant club!!
* * * LOW HITPOINT WARNING * * *
The troll shouts!
You hear a shout!
Unknown command.
The two-headed ogre attacks as you move away!
The two-headed ogre hits you with a +0 giant spiked club!
* * * LOW HITPOINT WARNING * * *
The two-headed ogre hits you with a +0 giant club!
You die...

....... ....# ## ......#
##..##### .## ....).###....##.##
...#.#
.......#.........####......
.......##)....#.##.#.......
.........)......#...#.#....
........)...#............#
................O.∩.....###
..........#.....@..O...##..
....##..))...........T.#...
.....##.................#.....
..#.#.........<........#.....
.......).)................O.. #
......)).<................O. .
.......)......<.........)OTT $.
.......>)...............°.O##
#C#
.....)..................☼.O)##T#


You could see 2 two-headed ogres and a troll.

Vanquished Creatures
  An ogre mage (Orc:2)
  2 hydras
  4 two-headed ogres
  11 death yaks
  Amaemon (Lair:2)
  A sun demon (Lair:5)
  A fire crab (Lair:2)
  2 bog bodies (IceCv)
  A wizard (Lair:5)
  An orc knight (Orc:1)
  2 lindwurms (Lair:3)
  An orc sorcerer (Orc:1)
  Maurice (D:10)
  11 elephants
  3 black mambas
  An ice statue (IceCv)
  An eye of devastation (Lair:5)
  3 orange demons
  12 cane toads
  5 rime drakes (Lair:5)
  A hellwing (Lair:5)
  Psyche (D:10)
  4 ice devils
  8 komodo dragons
  A merfolk (D:10)
  A troll (D:10)
  A burning bush (Lair:5)
  2 polar bears (Lair:2)
  13 blink frogs
  A dire elephant simulacrum (IceCv)
  35 yaks
  3 shadows
  3 basilisks
  4 wyverns
  A steam dragon (D:10)
  3 redbacks (Orc:1)
  A death yak simulacrum (IceCv)
  A harpy simulacrum (IceCv)
  3 nagas (Lair:3)
  12 water moccasins
  A floating eye (Lair:5)
  4 hell hounds (Lair:5)
  3 ice beasts
  10 orc warriors
  4 black bears
  A sky beast (D:7)
  6 ogres
  20 wolves
  2 centaurs
  2 phantoms
  2 kobold brigands
  A gnoll sergeant (D:8)
  9 bullfrogs
  3 necrophages
  5 two-headed ogre simulacra (IceCv)
  A cane toad simulacrum (IceCv)
  6 scorpions
  10 wights
  4 killer bees (D:10)
  2 elephant simulacra (IceCv)
  3 howler monkeys
  3 gnoll boudas
  5 hounds
  A jelly (D:6)
  14 orc priests
  Jessica (D:3)
  4 iguanas
  Natasha (thrice) (D:3)
  10 orc wizards
  4 spriggan simulacra (IceCv)
  3 troll simulacra (IceCv)
  5 wolf simulacra (IceCv)
  6 nameless horrors
  12 gnolls
  5 adders
  6 naga simulacra (IceCv)
  2 shadow imps
  9 white imps
  8 ufetubi
  4 worms
  A dart slug (D:4)
  47 orcs
  4 endoplasms
  4 giant cockroaches
  9 goblins
  7 hobgoblins
  3 quokkas
  8 ball pythons
  3 bats
  2 frilled lizards
  17 kobolds
  9 rats
482 creatures vanquished.

Vanquished Creatures (collateral kills)
  An orc knight (Orc:1)
  A troll (Orc:1)
  A basilisk (Lair:5)
  A yak (Lair:5)
  A warg (Orc:1)
  A water moccasin (Lair:5)
  2 orc warriors
  2 ogres
  A bullfrog (Lair:4)
  4 orc priests
  2 orc wizards
  7 orcs
  2 kobolds (D:8)
26 creatures vanquished.

Vanquished Creatures (others)
  A dire elephant (Lair:5)
  3 hydras
  Fannar (D:10)
  A catoblepas (Lair:4)
  A death yak (Lair:5)
  A fire crab (Lair:5)
  2 orc knights (Orc:1)
  A deep elf pyromancer (D:10)
  A wolf spider (Orc:1)
  3 black mambas
  5 elephants
  7 cane toads
  2 komodo dragons (Lair:5)
  3 rime drakes
  A troll (Orc:1)
  A blink frog (Lair:4)
  A wyvern (Lair:2)
  9 yaks
  A steam dragon (D:6)
  Eustachio (D:4)
  A human (D:10)
  Menkaure (D:6)
  3 water moccasins
  2 orc warriors
  5 ogres
  A centaur (D:10)
  A kobold brigand (D:6)
  A scorpion (D:6)
  A necrophage (D:6)
  2 wights
  A killer bee (D:10)
  A howler monkey (D:6)
  Crazy Yiuf (D:6)
  An iguana (D:5)
  3 gnolls
  4 bushes (Lair:5)
  21 fungi
  62 plants
158 creatures vanquished.

Grand Total: 666 creatures vanquished

Notes
Turn   | Place    | Note
-------+----------+-------------------------------------------
     0 | D:5      | drugrobin the Demigod Delver began the quest for the Orb.
     0 | D:5      | Reached XP level 1. HP: 18/18 MP: 3/3
   113 | D:5      | Noticed an ice beast
   117 | D:5      | Noticed an ice beast
   122 | D:5      | Noticed an iguana
   138 | D:5      | Noticed an orc wizard
   138 | D:5      | Noticed an orc wizard
   166 | D:5      | Noticed a scorpion
   182 | D:5      | Noticed a howler monkey
   453 | D:4      | Noticed an iguana
   477 | D:4      | Noticed a scorpion
   488 | D:4      | Noticed Eustachio
   517 | D:4      | Noticed a hound
   899 | D:1      | Reached XP level 2. HP: 22/25 MP: 4/4
  1084 | D:1      | Learned a level 1 spell: Summon Small Mammal
  2056 | D:2      | Found Siuh's Magic Scroll Emporium.
  2066 | D:2      | Bought a scroll of teleportation for 33 gold pieces
  2066 | D:2      | Bought a scroll of identify for 22 gold pieces
  2066 | D:2      | Bought a scroll of vulnerability for 44 gold pieces
  2080 | D:2      | Reached XP level 3. HP: 30/30 MP: 5/5
  2682 | D:3      | Noticed Jessica
  2685 | D:3      | Killed Jessica
  2686 | D:3      | Reached XP level 4. HP: 37/37 MP: 6/6
  2788 | D:3      | Reached skill level 1 in Polearms
  3002 | D:3      | Noticed Natasha
  3008 | D:3      | Killed Natasha
  3037 | D:3      | Reached XP level 5. HP: 45/45 MP: 7/7
  3419 | D:3      | Noticed Natasha
  3428 | D:3      | Killed Natasha
  3752 | D:3      | Noticed Natasha
  3840 | D:3      | Killed Natasha
  4052 | D:4      | Reached XP level 6. HP: 52/52 MP: 8/8
  4126 | D:4      | You are sucked into a shaft and drop 2 floors!
  4326 | D:6      | Reached skill level 5 in Fighting
  4358 | D:6      | Found a runed translucent door.
  4359 | D:6      | Noticed Crazy Yiuf
  4419 | D:5      | Reached XP level 7. HP: 30/61 MP: 9/9
  4891 | D:4      | Killed Eustachio
  4892 | D:4      | Reached skill level 5 in Polearms
  5266 | D:5      | Reached XP level 8. HP: 65/71 MP: 10/10
  5522 | D:5      | Found a staircase to the Ecumenical Temple.
  5822 | D:6      | Noticed Menkaure
  5835 | D:6      | Killed Menkaure
  6153 | D:6      | Learned a level 2 spell: Blink
  6169 | D:6      | Reached XP level 9. HP: 81/81 MP: 11/11
  6170 | D:6      | Reached skill level 1 in Evocations
  6175 | D:6      | Learned a level 3 spell: Call Canine Familiar
  6356 | D:6      | HP: 4/81 [kobold brigand/+2 short sword of venom (6)]
  6357 | D:6      | HP: 1/81 [poisoned by a kobold brigand]
  7007 | D:6      | Killed Crazy Yiuf
  7791 | D:7      | Identified the +0 plate armour of the Will of the Gods
                  | {-Tele Harm Fly}
  8623 | D:2      | Bought a scroll of identify for 22 gold pieces
  8623 | D:2      | Bought a scroll of magic mapping for 82 gold pieces
  8623 | D:2      | Bought a scroll of magic mapping for 82 gold pieces
  8623 | D:2      | Bought a scroll of identify for 22 gold pieces
  8780 | D:9      | Learned a level 2 spell: Wereblood
  9102 | D:9      | Found a staircase to the Orcish Mines.
  9156 | D:9      | Noticed a two-headed ogre
  9173 | D:9      | Killed a two-headed ogre
  9174 | D:9      | Reached XP level 10. HP: 91/91 MP: 13/13
  9948 | D:10     | Entered Level 10 of the Dungeon
  9955 | D:10     | Noticed Maurice
  9973 | D:10     | Killed Maurice
  9974 | D:10     | Reached skill level 5 in Evocations
 10378 | D:10     | Reached skill level 10 in Fighting
 10478 | D:10     | Noticed a deep elf pyromancer
 10525 | D:10     | Killed a deep elf pyromancer
 10675 | D:10     | Found a staircase to the Lair.
 10688 | D:10     | Noticed an elephant
 10709 | D:10     | Killed an elephant
 11043 | D:10     | Noticed Psyche
 11052 | D:10     | Killed Psyche
 11071 | D:10     | Found Leppas's Vocational Training.
 11089 | D:10     | Noticed Fannar
 11103 | D:10     | Killed Fannar
 11104 | D:10     | Reached skill level 10 in Polearms
 11183 | D:10     | Reached XP level 11. HP: 66/101 MP: 14/14
 11589 | Lair:1   | Entered Level 1 of the Lair of Beasts
 11960 | Lair:1   | You are sucked into a shaft and drop 1 floor!
 11972 | Lair:2   | Noticed a fire crab
 11995 | Lair:2   | Killed a fire crab
 12044 | Lair:2   | Noticed a death yak
 12085 | Lair:2   | Reached skill level 1 in Spellcasting
 12117 | Lair:2   | Killed a death yak
 12118 | Lair:2   | Noticed a five-headed hydra
 12124 | Lair:2   | Killed a five-headed hydra
 12332 | Lair:2   | Noticed Amaemon
 12343 | Lair:2   | Killed Amaemon
 12408 | Lair:2   | Reached XP level 12. HP: 33/111 MP: 20/20
 12589 | Lair:2   | Found a staircase to the Shoals.
 13339 | Lair:2   | Noticed a six-headed hydra
 13343 | Lair:2   | Killed a six-headed hydra
 13935 | Shoals:1 | Entered Level 1 of the Shoals
 13989 | Lair:3   | Found a frozen archway.
 14019 | IceCv    | Entered an ice cave
 14662 | IceCv    | Identified a scroll of acquirement
 14806 | IceCv    | Identified the +7 dagger of the Carved God {antimagic, rC-
                  | Int+4 Dex+4}
 14819 | IceCv    | Got the Guide on Ice
 14820 | IceCv    | Identified the +0 robe "Riros" {rPois}
 15360 | Lair:3   | Found a staircase to the Snake Pit.
 15380 | Lair:3   | Noticed a seven-headed hydra
 15389 | Lair:3   | Killed a seven-headed hydra
 15449 | Lair:3   | Reached XP level 13. HP: 109/122 MP: 22/22
 15682 | Lair:3   | Learned a level 3 spell: Summon Guardian Golem
 15947 | Lair:3   | Reached skill level 1 in Summonings
 16982 | Lair:5   | Entered Level 5 of the Lair of Beasts
 17047 | Lair:5   | Reached skill level 5 in Dodging
 17069 | Lair:5   | Reached skill level 5 in Summonings
 17799 | Lair:5   | Found a staircase to the Slime Pits.
 18106 | Lair:5   | Paralysed by a floating eye for 2 turns
 18149 | Lair:5   | Reached XP level 14. HP: 129/129 MP: 24/24
 18960 | Lair:5   | Found a gateway to Hell.
 19089 | Lair:5   | Learned a level 4 spell: Summon Ice Beast
 19095 | Lair:5   | Learned a level 5 spell: Summon Mana Viper
 19176 | Lair:1   | Acquired 849 gold pieces
 19214 | Orc:1    | Entered Level 1 of the Orcish Mines
 19390 | Orc:1    | Found Mearrunung's Book Emporium.
 20306 | Orc:2    | Entered Level 2 of the Orcish Mines
 20306 | Orc:2    | Found a staircase to the Elven Halls.
 20453 | Orc:2    | Found Lawea's Jewellery Emporium.
 20668 | Orc:2    | Reached skill level 5 in Spellcasting
 20670 | Orc:2    | HP: 5/129 [troll (3)]
 20676 | Orc:2    | Slain by a two-headed ogre

Illustrated notes

Levels and vault maps discovered:
D:1:      dpeg_arrival_windows_large_door, layout_loops_corners,
          hellmonk_ecumenical_altar_run_dry, minmay_split_cup_small
D:2:      layout_basic, serial_shops, shop
D:3:      layout_basic, serial_aquarium, aquarium_bridge_long_separate
          [aquarium_subvault_window, aquarium_subvault_bridge,
          aquarium_subvault_bridge, aquarium_subvault_wall,
          aquarium_subvault_bridge, aquarium_subvault_bridge],
          aquarium_window_2, aquarium_window_corridor_3, aquarium_window_2,
          aquarium_view_2e, aquarium_view_2e, aquarium_balcony_3b, uniq_natasha,
          uniq_jessica
D:4:      layout_loops_ring, chequers_serial_rivers_marsh, uniq_eustachio
D:5:      layout_basic, xom_teletrap_fun, minmay_temple_entry_proselytizer,
          lemuel_old_faithful
D:6:      minmay_opposing_rooms, layout_cave_pools, nicolae_zen_rock_garden,
          uniq_crazy_yiuf_cottage, uniq_menkaure
D:7:      layout_loops_ring
D:8:      layout_cave_pools, hellmonk_bongcloud_opening,
          minmay_misc_feat_hallway
D:9:      layout_layer_cave, david_orc_2
D:10:     layout_stronghold, david_lair_generic, hangedman_stone_soup,
          nicolae_shop_vocational, uniq_fannar, uniq_maurice, uniq_psyche
D:11:     layout_loops_ring, minmay_misc_feat_alley, uniq_erolcha, uniq_harold
Lair:1:   layout_chaotic_city
Lair:2:   nzn_winding_woodlands_large [nzn_winding_woodlands_5x5_default,
          nzn_winding_woodlands_5x15_sawtooth,
          nzn_winding_woodlands_5x5_open_star,
          nzn_winding_woodlands_center_pierced_h,
          nzn_winding_woodlands_15x15_five_gardens,
          nzn_winding_woodlands_center_diamonds,
          nzn_winding_woodlands_5x5_cross,
          nzn_winding_woodlands_5x15_lazy_stream,
          nzn_winding_woodlands_5x5_perimeter], layout_gridlike,
          shoals_dummy_entry, grunt_megastairs_5, lemuel_fruit_fields,
          uniq_amaemon
Lair:3:   layout_hall_layers, guppyfry_snake_entry_island,
          portal_ice_cave_entry_pillars_2, nicolae_lair_lindhole, uniq_sonja
Lair:4:   cheibrodos_lair_river_kwai, layout_misc_corridors, minivault_24,
          st_stairs_8
Lair:5:   evil_forest, layout_cellular_growth, minmay_slime_entry_eyes,
          evilmike_ambush [evilmike_ambush_outer_doors,
          evilmike_ambush_inner_basic]
Shoals:1: layout_shoals
Orc:1:    nicolae_orc_accident_3, layout_diamond_mine, serial_shops, shop,
          nicolae_orc_lost_temple
Orc:2:    st_orc_open, layout_caves, serial_shops, shop

Skill      XL: |  1  2  3  4  5  6  7  8  9 10 11 12 13 14 |
---------------+-------------------------------------------+-----
Axes           | 2 3 |  3.8
Fighting       | 3 4 5 6 8 9 10 11 13 | 13.0
Polearms       | 1 3 4 5 7 8 10 11 13 | 13.7
Evocations     | 4 6 8 |  8.0
Spellcasting   | 3 4 5 |  5.0
Dodging        | 7 9 |  9.3
Summonings     | 7 9 |  9.0
Stealth        | |  4.5

Action                   |  1- 3 |  4- 6 |  7- 9 | 10-12 | 13-15 || total
-------------------------+-------+-------+-------+-------+-------++-------
Melee: Hand axe          |    27 |       |       |       |       ||    27
       Short sword       |    58 |       |       |       |       ||    58
       Trishula          |     2 |    83 |   229 |   576 |   506 ||  1396
       Punch             |       |       |     1 |    13 |     6 ||    20
       Staff             |       |       |       |     4 |       ||     4
 Fire: Sling             |    44 |       |    19 |     7 |     5 ||    75
Throw: Dart              |     1 |    16 |    14 |    31 |       ||    62
       Boomerang         |       |       |       |     8 |    12 ||    20
 Cast: Summon Small Mamm |       |       |     2 |     4 |    15 ||    21
       Call Canine Famil |       |       |     1 |     5 |    27 ||    33
       Wereblood         |       |       |       |     1 |     4 ||     5
       Summon Guardian G |       |       |       |       |    23 ||    23
       Blink             |       |       |       |       |     1 ||     1
       Summon Ice Beast  |       |       |       |       |    10 ||    10
       Summon Mana Viper |       |       |       |       |     4 ||     4
Evoke: Wand              |       |       |     1 |       |     3 ||     4
  Use: Potion            |     2 |       |     3 |       |     2 ||     7
       Scroll            |     3 |     1 |    10 |     7 |     5 ||    26
 Stab: Sleeping          |     8 |     7 |     8 |    10 |     1 ||    34
       Distracted        |       |     1 |     1 |     5 |     3 ||    10
       Petrifying        |       |       |       |       |     1 ||     1
Armor: Leather armour    |    21 |       |       |       |       ||    21
       Robe              |       |    14 |    36 |    36 |       ||    86
       Troll leather arm |       |       |       |   100 |    80 ||   180
Dodge: Dodged            |    45 |    37 |    89 |   223 |   242 ||   636
Block: Other             |       |       |       |       |    11 ||    11

Table legend: (Time is in decaauts)
 A = Elapsed time spent in this place.
 B = Non-inter-level travel time spent in this place.
 C = Inter-level travel time spent in this place.
 D = Time resting spent in this place.
 E = Time spent auto-exploring this place.
 F = Levels seen in this place.
 G = Mean time per level.
                   A        B        C        D        E       F      G
               +--------+--------+--------+--------+--------+-----+--------+
         Total |  20332 |  19118 |   1214 |   2522 |  11596 |  20 | 1016.6 |
       Dungeon |  11742 |  10901 |    841 |   1425 |   6890 |  11 | 1067.5 |
          Lair |   6105 |   5777 |    328 |    740 |   3400 |   5 | 1221.0 |
        Shoals |      1 |      1 |      0 |      0 |      0 |   1 |    1.0 |
  Orcish Mines |   1419 |   1375 |     44 |     61 |    916 |   2 |  709.5 |
      Ice Cave |   1063 |   1063 |      0 |    295 |    390 |   1 | 1063.0 |
               +--------+--------+--------+--------+--------+-----+--------+

Top non-repeatable levels by time:
  Lair:5: 1679 daAuts
    D:10: 1656 daAuts
  Lair:2: 1620 daAuts
     D:6: 1491 daAuts
     D:5: 1284 daAuts
     D:1: 1245 daAuts
     D:9: 1243 daAuts
     D:4: 1236 daAuts
     D:3: 1227 daAuts
  Lair:4: 1158 daAuts
   IceCv: 1063 daAuts
   Orc:1: 1059 daAuts
     D:2: 963 daAuts
  Lair:3: 909 daAuts
     D:7: 847 daAuts
